 Dungeon Crawl Stone Soup version 0.24.1-1-gd1d2a07e1b (webtiles) character file.

Game seed: 352733460614111168, levelgen mode: deterministic

14508 Chiseanne the Thrower (level 12, -5/94 HPs)
             Began as a Gnoll Hunter on Apr 11, 2020.
             Was a High Priest of Okawaru.
             Slain by an orc warrior (6 damage)
             ... on level 1 of the Orcish Mines.
             The game lasted 00:52:53 (14151 turns).

Chiseanne the Thrower (Gnoll Hunter)               Turns: 14151, Time: 00:52:54

Health: -5/94      AC:  7    Str: 17    XL:     12   Next: 17%
Magic:  4/22       EV: 18    Int: 16    God:    Okawaru [*****.]
Gold:   269        SH:  0    Dex: 16    Spells: 13/24 levels left

rFire    . . .     SeeInvis .   a - +2 dagger (venom)
rCold    + . .     Gourm    .   (no shield)
rNeg     . . .     Faith    .   X - +2 robe {rC+}
rPois    .         Spirit   .   (no helmet)
rElec    .         Reflect  .   J - +0 cloak
rCorr    .         Harm     .   I - +0 pair of gloves
MR       +....                  (no boots)
Stlth    ++++......             (no amulet)
HPRegen  0.25/turn              D - +4 ring of slaying
MPRegen  0.18/turn              E - ring of protection from magic

@: very slightly contaminated, slowed, very slow
A: distributed training, fangs 1, strong nose
a: Heroism, Finesse, Renounce Religion


You were on level 1 of the Orcish Mines.
You worshipped Okawaru.
Okawaru was extremely pleased with you.
You were hungry.

You visited 3 branches of the dungeon, and saw 15 of its levels.

You collected 928 gold pieces.
You spent 659 gold pieces at shops.

Inventory:

Hand Weapons
 a - a +2 dagger of venom (weapon)
 s - a +0 war axe
 w - a +0 hunting sling
Missiles
 b - 21 boomerangs (quivered)
 c - 9 atropa-tipped darts
 d - 3 throwing nets {!*}
 j - 120 sling bullets
 m - 48 bolts
 p - 346 arrows
 t - 13 curare-tipped darts
 x - 27 poisoned darts
 C - 8 silver javelins {!*}
 P - 4 javelins
Armour
 q - the +4 plate armour of Ingeschi {rElec rF+}
   (You found it on level 11 of the Dungeon)

   It protects you from fire.
   It insulates you from electricity.
 I - a +0 pair of gloves (worn)
 J - a +0 cloak (worn)
 X - a +2 robe of cold resistance (worn)
Magical Staves
 W - an uncursed staff of cold
Jewellery
 D - a +4 ring of slaying (left hand)
 E - a ring of protection from magic (right hand)
Wands
 A - a wand of iceblast (2)
 G - a wand of paralysis (14)
 H - a wand of acid (1)
 Q - a wand of disintegration (12)
Scrolls
 e - 4 scrolls of remove curse
 h - a scroll of amnesia
 r - 4 scrolls of teleportation
 u - 3 scrolls of identify
 M - a scroll of enchant armour
 O - 3 scrolls of fog
Potions
 i - 2 potions of might
 l - 2 potions of haste
 n - 3 potions of lignification
 o - a potion of magic
 v - 5 potions of curing
 y - a potion of cancellation
 z - a potion of ambrosia
 B - 4 potions of brilliance
 F - 3 potions of heal wounds
 R - a potion of flight
 S - 2 potions of invisibility
 T - 2 potions of agility
Miscellaneous
 U - a crystal ball of energy
 Y - a box of beasts
Comestibles
 f - 35 rations


   Skills:
 + Level 8.4 Fighting
 + Level 6.9 Short Blades
 + Level 6.9 Long Blades
 + Level 6.9 Axes
 + Level 6.9 Maces & Flails
 + Level 6.9 Polearms
 + Level 6.9 Staves
 + Level 6.9 Slings
 + Level 6.9 Bows
 + Level 6.9 Crossbows
 + Level 10.8 Throwing
 + Level 6.9 Armour
 + Level 8.4 Dodging
 + Level 7.3 Stealth
 + Level 6.9 Shields
 + Level 6.9 Unarmed Combat
 + Level 6.9 Spellcasting
 + Level 5.7 Conjurations
 + Level 5.7 Hexes
 + Level 5.7 Charms
 + Level 5.7 Summonings
 + Level 5.7 Necromancy
 + Level 5.7 Translocations
 + Level 5.7 Transmutations
 + Level 5.7 Fire Magic
 + Level 5.7 Ice Magic
 + Level 5.7 Air Magic
 + Level 5.7 Earth Magic
 + Level 5.7 Poison Magic
 + Level 7.5 Invocations
 + Level 6.9 Evocations


You had 13 spell levels left.
You knew the following spells:

 Your Spells              Type           Power        Failure   Level  Hunger
a - Confuse               Hex            ###.....     3%          3    ##.....
b - Dazzling Spray        Conj/Hex       ###...       3%          3    ##.....
c - Tukima's Dance        Hex            ###.....     3%          3    ##.....
d - Ensorcelled Hibernat  Hex/Ice        ###...       1%          2    None

Your spell library contained the following spells:

 Spells                   Type           Power        Failure   Level  Hunger
 Corona                   Hex            ###....      1%          1    None
 Freeze                   Ice            ###.         1%          1    None
 Sandblast                Erth           ###...       1%          1    None
 Passwall                 Tmut/Erth      ###.....     1%          2    None
 Throw Frost              Conj/Ice       ###...       1%          2    None
 Ozocubu's Armour         Chrm/Ice       ###.....     3%          3    ##.....
 Stone Arrow              Conj/Erth      ###...       3%          3    ##.....
 Cause Fear               Hex            ###.......   12%         4    ####...
 Petrify                  Tmut/Erth      ###.....     12%         4    ####...
 Summon Ice Beast         Ice/Summ       ###.....     12%         4    ####...
 Throw Icicle             Conj/Ice       ###.....     12%         4    ####...
 Lee's Rapid Deconstruct  Erth           ###.......   32%         5    #####..
 Silence                  Hex/Air        ###.......   32%         5    #####..
 Yara's Violent Unravell  Hex/Tmut       ###.......   32%         5    #####..
 Deflect Missiles         Chrm/Air       ###.......   88%         6    #######
 Discord                  Hex            ###.......   100%        8    #######


Dungeon Overview and Level Annotations

Branches:
Dungeon (12/15)            Temple (1/1) D:4            Lair (0/6) D:11
    Orc (2/2) D:11
    Elf: Orc:2

Altars:
Ashenzari
Cheibriados
Dithmenos
Fedhas
Gozag
Hepliaklqana
Kikubaaqudgha
Makhleb
Nemelex Xobeh
Okawaru
Qazlal
Ru
Sif Muna
Trog
Uskayaw
Vehumet
Wu Jian
Xom
Zin
The Shining One

Shops:
D:7 %:[   D:10 !   D:12 :}

Annotations:
D:4 1 runed translucent door, ragnag's ghost, amateur OpTm
D:11 4 runed translucent doors


Innate Abilities, Weirdness & Mutations

Your experience applies equally to all skills.
You have very sharp teeth.
Your uncanny sense of smell can sniff out nearby items.


Message History

An orc comes into view. It is wielding a +0 whip.
An orc comes into view. It is wielding a +0 trident.
The orc warrior completely misses you. The orc warrior hits you!
* * * LOW HITPOINT WARNING * * *
The orc warrior closely misses you.
The orc moves out of view.
Blink to where?
Press: ? - help, Dir - move target cursor, p - orc warrior You are very lightly contaminated with residual magic.
As you read the scroll of blinking, it crumbles to dust.
* * * LOW HITPOINT WARNING * * *
You feel sick.
You feel better.
The orc priest looks braver for a moment.
You see here a +0 club.
Things that are here:
a +0 leather armour; a +0 flail; an orc skeleton The orc warrior hits you from afar with a +0 glaive!
* * * LOW HITPOINT WARNING * * *
The orc warrior closely misses you. The orc warrior hits you.
You die...

..#......###..............#
.........##...............#
...#...).o.............#.#
...##.##[).....[......###
#...#..#.o..o........[..##
.........#.T............#
.##......#..o..........#
#..#.).....oo[........#
#...........o>@...#.....#
##..#.#..#..#.)..###...##
################# ####


You could see a troll, 3 orc warriors, an orc priest, an orc wizard (wandering)
and 2 orcs.

Vanquished Creatures
  2 centaur warriors
  A death knight (D:12)
  Sonja (Orc:1)
  A swamp dragon (D:10)
  An orc sorcerer (D:11)
  An ugly thing (D:11)
  A cyclops (D:12)
  A centaur zombie (D:12)
  A gargoyle (D:10)
  Psyche (D:10)
  2 freezing wraiths (D:12)
  2 hippogriffs
  8 yaks
  2 wraiths
  2 wyverns (D:11)
  2 hungry ghosts
  2 basilisks (D:11)
  A dancing weapon (Orc:1)
  A warg (D:11)
  A water moccasin (D:8)
  A swamp drake (D:11)
  8 orc warriors
  2 sky beasts
  3 black bears
  5 ogres
  2 necrophages (D:9)
  9 centaurs
  2 crocodiles (D:11)
  A big kobold (D:10)
  Blork the orc (D:5)
  8 bullfrogs
  A wyvern zombie (D:8)
  2 scorpions
  7 killer bees
  2 electric eels (D:8)
  3 howler monkeys
  7 crimson imps
  2 bullfrog zombies
  A quasit (D:9)
  7 hounds
  3 jellies
  9 orc priests
  2 bullfrog skeletons
  16 orc wizards
  2 iguanas
  6 worker ants
  A hound skeleton (D:9)
  A worker ant zombie (D:5)
  7 gnolls
  20 adders
  6 shadow imps
  3 oozes
  An adder zombie (D:5)
  An adder skeleton (D:7)
  4 worms
  A dart slug (D:2)
  5 leopard geckos
  61 orcs
  4 giant cockroaches
  16 hobgoblins
  7 jackals
  3 quokkas
  3 ball pythons
  7 bats
  9 frilled lizards
  A giant cockroach zombie (D:5)
  7 goblins
  10 kobolds
  A quokka skeleton (D:6)
  A quokka zombie (D:5)
  8 rats
334 creatures vanquished.

Notes
Turn   | Place    | Note
-------+----------+-------------------------------------------
     0 | D:1      | Chiseanne the Gnoll Hunter began the quest for the Orb.
     0 | D:1      | Reached XP level 1. HP: 20/20 MP: 1/1
   433 | D:1      | Reached XP level 2. HP: 26/26 MP: 2/2
  1091 | D:2      | Reached XP level 3. HP: 31/31 MP: 3/3
  1280 | D:1      | Reached skill level 1 in Invocations
  1517 | D:2      | Reached skill level 1 in Short Blades
  1517 | D:2      | Reached skill level 1 in Long Blades
  1517 | D:2      | Reached skill level 1 in Axes
  1517 | D:2      | Reached skill level 1 in Maces & Flails
  1517 | D:2      | Reached skill level 1 in Polearms
  1517 | D:2      | Reached skill level 1 in Staves
  1517 | D:2      | Reached skill level 1 in Slings
  1517 | D:2      | Reached skill level 1 in Bows
  1517 | D:2      | Reached skill level 1 in Crossbows
  1517 | D:2      | Reached skill level 1 in Armour
  1517 | D:2      | Reached skill level 1 in Shields
  1517 | D:2      | Reached skill level 1 in Unarmed Combat
  1517 | D:2      | Reached skill level 1 in Spellcasting
  1517 | D:2      | Reached skill level 1 in Evocations
  1706 | D:2      | Reached XP level 4. HP: 38/38 MP: 5/5
  1836 | D:2      | Reached skill level 1 in Conjurations
  1836 | D:2      | Reached skill level 1 in Hexes
  1836 | D:2      | Reached skill level 1 in Charms
  1836 | D:2      | Reached skill level 1 in Summonings
  1836 | D:2      | Reached skill level 1 in Necromancy
  1836 | D:2      | Reached skill level 1 in Translocations
  1836 | D:2      | Reached skill level 1 in Transmutations
  1836 | D:2      | Reached skill level 1 in Fire Magic
  1836 | D:2      | Reached skill level 1 in Ice Magic
  1836 | D:2      | Reached skill level 1 in Air Magic
  1836 | D:2      | Reached skill level 1 in Earth Magic
  1836 | D:2      | Reached skill level 1 in Poison Magic
  2024 | D:2      | Reached XP level 5. HP: 43/43 MP: 6/6
  2110 | D:2      | Found a shimmering blue altar of Sif Muna.
  3457 | D:4      | Reached XP level 6. HP: 48/50 MP: 8/8
  3508 | D:4      | Found a staircase to the Ecumenical Temple.
  3557 | Temple   | Entered the Ecumenical Temple
  3576 | Temple   | Became a worshipper of Warmaster Okawaru
  3734 | D:4      | Noticed ragnag's ghost (amateur OpTm)
  3744 | D:4      | Found a runed translucent door.
  4204 | D:4      | Found a blossoming altar of Fedhas.
  4419 | D:5      | Entered Level 5 of the Dungeon
  4449 | D:5      | Reached skill level 5 in Fighting
  4449 | D:5      | Reached skill level 5 in Dodging
  4560 | D:5      | Noticed Blork the orc
  4580 | D:5      | Killed Blork the orc
  4580 | D:5      | Reached XP level 7. HP: 34/56 MP: 10/10
  4598 | D:5      | Reached * piety under Okawaru
  4925 | D:6      | Found a burning altar of Makhleb.
  5081 | D:6      | Reached skill level 9 in Throwing
  5169 | D:6      | Reached XP level 8. HP: 50/63 MP: 12/12
  5309 | D:6      | Reached ** piety under Okawaru
  6009 | D:6      | Reached XP level 9. HP: 69/69 MP: 14/14
  6105 | D:7      | Found Ocsotas's Armour Shop.
  6114 | D:7      | Bought a +0 pair of gloves for 63 gold pieces
  6114 | D:7      | Bought a +0 cloak for 63 gold pieces
  6182 | D:7      | Reached *** piety under Okawaru
  6324 | D:7      | Found Meuluad's Book Shoppe.
  6365 | D:7      | Found Tuuled's Food Shop.
  6449 | D:8      | Found a snail-covered altar of Cheibriados.
  6694 | D:8      | Found a glowing silver altar of Zin.
  6698 | D:8      | Found a shimmering altar of Xom.
  6709 | D:8      | Found a hazy altar of Hepliaklqana.
  6848 | D:8      | Reached skill level 5 in Stealth
  7009 | D:8      | Reached skill level 5 in Invocations
  7325 | D:9      | Noticed a centaur warrior
  7340 | D:9      | Killed a centaur warrior
  7340 | D:9      | Reached **** piety under Okawaru
  7340 | D:9      | Received a gift from Okawaru
  7340 | D:9      | Reached XP level 10. HP: 44/77 MP: 15/17
  7559 | D:9      | Found an ancient bone altar of Kikubaaqudgha.
  7639 | D:9      | Reached skill level 5 in Short Blades
  7639 | D:9      | Reached skill level 5 in Long Blades
  7639 | D:9      | Reached skill level 5 in Axes
  7639 | D:9      | Reached skill level 5 in Maces & Flails
  7639 | D:9      | Reached skill level 5 in Polearms
  7639 | D:9      | Reached skill level 5 in Staves
  7639 | D:9      | Reached skill level 5 in Slings
  7639 | D:9      | Reached skill level 5 in Bows
  7639 | D:9      | Reached skill level 5 in Crossbows
  7639 | D:9      | Reached skill level 5 in Armour
  7639 | D:9      | Reached skill level 5 in Shields
  7639 | D:9      | Reached skill level 5 in Unarmed Combat
  7639 | D:9      | Reached skill level 5 in Spellcasting
  7639 | D:9      | Reached skill level 5 in Evocations
  7788 | D:9      | Reached skill level 10 in Throwing
  8130 | D:9      | Learned a level 2 spell: Ensorcelled Hibernation
  8134 | D:9      | Learned a level 3 spell: Confuse
  8138 | D:9      | Learned a level 3 spell: Tukima's Dance
  8287 | D:9      | Found a sacrificial altar of Ru.
  8382 | D:9      | Found a burning altar of Makhleb.
  8451 | D:9      | Found an opulent altar of Gozag.
  9011 | D:10     | Entered Level 10 of the Dungeon
  9028 | D:10     | Noticed Psyche
  9038 | D:10     | Killed Psyche
  9510 | D:10     | Received a gift from Okawaru
  9564 | D:10     | Noticed Fannar
  9590 | D:10     | Noticed Fannar
  9590 | D:10     | Fannar changed into Fannar the swamp dragon
  9681 | D:10     | Noticed a gargoyle
  9693 | D:10     | Killed a gargoyle
  9739 | D:10     | Received a gift from Okawaru
  9753 | D:10     | Reached XP level 11. HP: 83/83 MP: 19/19
  9761 | D:10     | Reached ***** piety under Okawaru
  9898 | D:10     | Found Uschewaul's Distillery.
 10158 | D:10     | Noticed a centaur warrior
 10178 | D:10     | Killed a centaur warrior
 10565 | D:10     | Killed Fannar the swamp dragon
 10565 | D:10     | Received a gift from Okawaru
 10617 | D:10     | Bought a potion of magic for 104 gold pieces
 10617 | D:10     | Bought a potion of flight for 39 gold pieces
 10617 | D:10     | Bought a potion of brilliance for 52 gold pieces
 10617 | D:10     | Bought a potion of invisibility for 104 gold pieces
 10617 | D:10     | Bought a potion of invisibility for 104 gold pieces
 10617 | D:10     | Bought a potion of agility for 52 gold pieces
 10617 | D:10     | Bought a potion of curing for 39 gold pieces
 10617 | D:10     | Bought a potion of curing for 39 gold pieces
 10636 | D:10     | Reached skill level 5 in Conjurations
 10636 | D:10     | Reached skill level 5 in Hexes
 10636 | D:10     | Reached skill level 5 in Charms
 10636 | D:10     | Reached skill level 5 in Summonings
 10636 | D:10     | Reached skill level 5 in Necromancy
 10636 | D:10     | Reached skill level 5 in Translocations
 10636 | D:10     | Reached skill level 5 in Transmutations
 10636 | D:10     | Reached skill level 5 in Fire Magic
 10636 | D:10     | Reached skill level 5 in Ice Magic
 10636 | D:10     | Reached skill level 5 in Air Magic
 10636 | D:10     | Reached skill level 5 in Earth Magic
 10636 | D:10     | Reached skill level 5 in Poison Magic
 10973 | D:11     | Found a runed translucent door.
 10993 | D:11     | Learned a level 3 spell: Dazzling Spray
 11257 | D:11     | Found a staircase to the Orcish Mines.
 11304 | D:11     | Found a runed translucent door.
 11326 | D:11     | Found a runed translucent door.
 11952 | D:11     | Got a pitted plate armour
 11953 | D:11     | Identified the +4 plate armour of Ingeschi {rElec rF+} (You
                  | found it on level 11 of the Dungeon)
 11994 | D:11     | Found a runed translucent door.
 12010 | D:11     | Noticed a purple ugly thing
 12026 | D:11     | Killed a purple ugly thing
 12334 | D:11     | Received a gift from Okawaru
 12541 | D:11     | Found a staircase to the Lair.
 12972 | D:12     | Noticed a cyclops
 12979 | D:12     | Killed a cyclops
 12990 | D:12     | Found Gisipi's Book Emporium.
 13068 | D:12     | Found Alageptu's Gadget Shoppe.
 13287 | D:12     | Noticed a death knight
 13287 | D:12     | Noticed a skeletal warrior
 13302 | D:12     | Killed a death knight
 13302 | D:12     | Reached XP level 12. HP: 92/92 MP: 17/22
 13431 | Orc:1    | Entered Level 1 of the Orcish Mines
 13814 | Orc:1    | You fall into a shaft and drop 1 floor!
 13814 | Orc:2    | Entered Level 2 of the Orcish Mines
 13814 | Orc:2    | Noticed a two-headed ogre
 14124 | Orc:1    | Noticed Sonja
 14137 | Orc:1    | Killed Sonja
 14151 | Orc:1    | HP: 1/94 [orc warrior/+0 glaive (17)]
 14151 | Orc:1    | Slain by an orc warrior

Levels and vault maps discovered:
D:1:      dpeg_arrival_solitude, layout_loops_ring
D:2:      layout_loops_cross, led_sif_pool, st_stairs_5, dk_vineyard_2,
          minmay_tetromino_i4
D:3:      layout_loops_ring
D:4:      cheibrodos_greedy_goblins, layout_basic, overflow_temple_1_default,
          temple_hall, hellmonk_ghost_happy_afterlife
D:5:      layout_basic, first_ration, serial_park_tiny_1, due_unseen_surprise,
          uniq_blork_the_orc
D:6:      layout_loops_ring, nicolae_overflow_crystal_walls
D:7:      layout_rooms, serial_shops, kennysheep_mini_moat, shop_fountains,
          nicolae_shop_trees
D:8:      layout_basic, minmay_overflow_temple_star_quad, lemuel_crystal_altar
D:9:      minmay_general_purpose_star, layout_layer_cave, marbit_many_paths,
          grunt_gozag_statues, lemuel_doored_altar, grunt_ogre_cave,
          makhleb_blood_cavern_becter
D:10:     layout_cross, serial_shops, shop, uniq_fannar, uniq_psyche
D:11:     nicolae_whirlpool, layout_basic, erik_lair_dragon, orc_0_dummy,
          minmay_statue_crystal_thing
D:12:     layout_loops_ring, serial_shops, shop, shop, nicolae_shop_waterfront,
          nicolae_shop_statue_plus, hangedman_abyss_or_decor_lesser_grid
Temple:   minmay_temple_bridge_abc
Orc:1:    layout_caves, basic_altar, uniq_sonja, uniq_maurice
Orc:2:    pubby_orc_utopia, serial_shops

Skill      XL: |  1  2  3  4  5  6  7  8  9 10 11 |
---------------+----------------------------------+-----
Invocations    | 1 2 3 4 5 6 7 |  7.5
Short Blades   | 1 2 3 4 5 6 |  6.9
Long Blades    | 1 2 3 4 5 6 |  6.9
Axes           | 1 2 3 4 5 6 |  6.9
Maces & Flails | 1 2 3 4 5 6 |  6.9
Polearms       | 1 2 3 4 5 6 |  6.9
Staves         | 1 2 3 4 5 6 |  6.9
Slings         | 1 2 3 4 5 6 |  6.9
Bows           | 1 2 3 4 5 6 |  6.9
Crossbows      | 1 2 3 4 5 6 |  6.9
Armour         | 1 2 3 4 5 6 |  6.9
Shields        | 1 2 3 4 5 6 |  6.9
Unarmed Combat | 1 2 3 4 5 6 |  6.9
Spellcasting   | 1 2 3 4 5 6 |  6.9
Evocations     | 1 2 3 4 5 6 |  6.9
Conjurations   | 1 2 3 4 5 |  5.7
Hexes          | 1 2 3 4 5 |  5.7
Charms         | 1 2 3 4 5 |  5.7
Summonings     | 1 2 3 4 5 |  5.7
Necromancy     | 1 2 3 4 5 |  5.7
Translocations | 1 2 3 4 5 |  5.7
Transmutations | 1 2 3 4 5 |  5.7
Fire Magic     | 1 2 3 4 5 |  5.7
Ice Magic      | 1 2 3 4 5 |  5.7
Air Magic      | 1 2 3 4 5 |  5.7
Earth Magic    | 1 2 3 4 5 |  5.7
Poison Magic   | 1 2 3 4 5 |  5.7
Stealth        | 3 4 5 6 7 |  7.3
Fighting       | 5 6 7 8 |  8.4
Dodging        | 5 6 7 8 |  8.4
Throwing       | 9 10 | 10.8

Action                   |  1- 3 |  4- 6 |  7- 9 | 10-12 || total
-------------------------+-------+-------+-------+-------++-------
Melee: Short sword       |    86 |       |       |       ||    86
       Bite              |    13 |    11 |    13 |    47 ||    84
       Rapier            |    23 |   122 |    36 |    77 ||   258
       Punch             |       |     3 |     2 |     9 ||    14
       War axe           |       |    10 |   124 |    77 ||   211
       Dagger            |       |       |       |   123 ||   123
Throw: Javelin           |     8 |     6 |    45 |    17 ||    76
       Throwing net      |     6 |       |       |       ||     6
       Dart              |       |    55 |    33 |       ||    88
       Boomerang         |       |       |     7 |    93 ||   100
 Cast: Confuse           |       |       |       |    53 ||    53
       Ensorcelled Hiber |       |       |       |     2 ||     2
       Dazzling Spray    |       |       |       |     2 ||     2
       Tukima's Dance    |       |       |       |     1 ||     1
Invok: Heroism           |       |       |       |     1 ||     1
Evoke: Wand              |       |     1 |    15 |    22 ||    38
  Use: Scroll            |       |    14 |     5 |     8 ||    27
       Potion            |       |       |     2 |     3 ||     5
 Stab: Sleeping          |     6 |     5 |     1 |    12 ||    24
       Paralysed         |       |       |     4 |     8 ||    12
       Distracted        |       |       |     1 |       ||     1
       Confused          |       |       |       |    12 ||    12
  Eat: Chunk             |     3 |     8 |    12 |    18 ||    41
       Ration            |       |       |       |     2 ||     2
Armor: Leather armour    |    25 |     2 |       |       ||    27
       Ring mail         |       |    34 |    65 |    52 ||   151
       Robe              |       |       |       |    21 ||    21
Dodge: Dodged            |    94 |   106 |   165 |   243 ||   608
